 Dungeon Crawl Stone Soup version 0.21.0-3-g78d12a8 (webtiles) character file.

20 HungrySpirit the Vexing (level 2, -1/14 HPs)
             Began as a Vine Stalker Arcane Marksman on Jan 8, 2018.
             Slain by a quokka (3 damage)
             ... on level 2 of the Dungeon.
             The game lasted 00:01:08 (875 turns).

HungrySpirit the Vexing (VSAM)                       Turns: 875, Time: 00:01:08

Health: -1/14      AC:  2    Str: 12    XL:     2   Next: 79%
Magic:  0/4        EV: 12    Int: 13    God:
Gold:   60         SH:  0    Dex: 14    Spells: 2/3 levels left

rFire    . . .     SeeInvis .   h - +2 short sword (venom)
rCold    . . .     Gourm    .   (no shield)
rNeg     . . .     Faith    .   e - +0 robe
rPois    .         Spirit   +   (no helmet)
rElec    .         Reflect  .   (no cloak)
rCorr    .         Harm     .   (no gloves)
MR       .....                  (no boots)
Stlth    +.........             (no amulet)
HPRegen  0.04/turn              (no ring)
MPRegen  0.09/turn              (no ring)

@: no status effects
A: fangs 2, magic shield, antimagic bite, no potion heal 3, rot immunity
a: no special abilities


You were on level 2 of the Dungeon.
You were not hungry.

You visited 1 branch of the dungeon, and saw 2 of its levels.

You collected 60 gold pieces.

Inventory:

Hand Weapons
 a - a +0 shortbow
 b - a +0 club
 g - a cursed +0 dagger
 h - a +2 short sword of venom (weapon)
Missiles
 d - 44 arrows
Armour
 e - a +0 robe (worn)
Scrolls
 k - a scroll of identify {unknown}
 l - a scroll of remove curse {unknown}
Potions
 i - a potion of might {unknown}
 j - a potion of curing {unknown}
Books
 c - a book of Debilitation

   Spells                             Type                      Level
   a - Corona                         Hexes                        1
   b - Slow                           Hexes                        2
   c - Inner Flame                    Hexes/Fire                   3
   d - Portal Projectile              Hexes/Translocation          3
   e - Cause Fear                     Hexes                        4
   f - Leda's Liquefaction            Hexes/Earth                  4
Comestibles
 f - 3 rations


   Skills:
 + Level 1.5 Fighting
 * Level 1.1 Short Blades
 - Level 1.7 Bows
 + Level 1.9 Dodging
 - Level 1.1 Spellcasting
 - Level 3.0 Hexes


You had 2 spell levels left.
You knew the following spells:

 Your Spells              Type           Power        Failure   Level  Hunger
a - Corona                Hex            #......      9%          1    ##.....


Dungeon Overview and Level Annotations

Branches:
Dungeon (2/15)

Altars:


Innate Abilities, Weirdness & Mutations

You have extremely sharp teeth.
When hurt, damage is shared between your health and your magic reserves.
Your bite disrupts and absorbs the magic of your enemies.
Potions cannot restore your health.
You are immune to rotting.


Message History

Found a scroll labeled MYPSUGI QEWUFEDIE.
A bat comes into view.
You closely miss the goblin. The goblin barely misses you.
You hit the goblin.
You kill the goblin!
The quokka twitches its whiskers.
You closely miss the quokka. The quokka closely misses you.
You hit the quokka. Your bite misses the quokka.
The quokka is lightly wounded.
The quokka bites you. x3
* * * LOW HITPOINT WARNING * * *
You are too injured to fight recklessly!
You are too injured to fight recklessly!
You are too injured to fight recklessly!
You are too injured to fight recklessly!
The quokka bites you.
* * * LOW HITPOINT WARNING * * *
The quokka barely misses you. The quokka bites you.
You die...

######## #......#
#......# #.......
#......# #......#
##.....@# ##
.......r# .#
.......r## .# #
.........##.#.####
.#.#####..........
#...$.....†......
..####<.........
.................
...#..(..........


You could see 2 quokkas.

Vanquished Creatures
  A dart slug (D:1)
  A giant cockroach (D:1)
  2 goblins
  2 hobgoblins (D:1)
  3 jackals (D:1)
  A bat (D:1)
  3 kobolds (D:1)
  4 rats (D:1)
17 creatures vanquished.

Notes
Turn   | Place    | Note
-------+----------+-------------------------------------------
     0 | D:1      | HungrySpirit the Vine Stalker Arcane Marksman began the quest for the Orb.
     0 | D:1      | Reached XP level 1. HP: 9/9 MP: 3/3
     5 | D:1      | Reached skill level 1 in Fighting
   183 | D:1      | Reached XP level 2. HP: 11/14 MP: 2/4
   506 | D:1      | Reached skill level 1 in Short Blades
   875 | D:2      | Slain by a quokka

Skill      XL: |  1  2 |
---------------+-------+-----
Fighting       | 1 |  1.5
Short Blades   | 1 |  1.1
Bows           | |  1.7
Dodging        | |  1.9
Spellcasting   | |  1.1
Hexes          | |  3.0

Action                   || total
-------------------------++-------
Melee: Short sword       ||    32
       Bite              ||     2
 Fire: Shortbow          ||     5
 Stab: Sleeping          ||     3
Armor: Robe              ||     6
Dodge: Dodged            ||    31
